 Dungeon Crawl Stone Soup version 0.27.1-33-g824d729ab1 (webtiles) character file.

Game seed: 9745698882439299781

200 zeram the Shield-Bearer (level 5, -11/54 HPs)
             Began as an Octopode Fighter on Dec 25, 2021.
             Was an Initiate of Gozag.
             Killed by divine providence
             ... invoked by an orc priest
              (13 damage)
             ... on level 3 of the Dungeon.
             The game lasted 00:04:14 (2953 turns).

zeram the Shield-Bearer (Octopode Fighter)          Turns: 2953, Time: 00:04:16

Health: -11/54     AC:  3    Str: 15    XL:     5   Next: 79%
Magic:  5/5        EV: 12    Int: 11    God:    Gozag
Gold:   155        SH: 10    Dex: 12    Spells: 4/4 levels left

rFire    + . .     SeeInvis .   a - +1 rapier
rCold    + . .     Faith    .   b - +0 kite shield
rNeg     . . .     Spirit   .   d - +2 hat
rPois    +         Reflect  .   (no amulet)
rElec    +         Harm     .   i - ring of poison resistance
rCorr    +         Rampage  .   (no ring)
Will     .....                  (no ring)
Stlth    ..........             (no ring)
HPRegen  0.18/turn              (no ring)
MPRegen  0.09/turn              (no ring)
                                (no ring)
                                (no ring)

@: brilliant, berserking, resistant, gold aura, very quick
A: almost no armour, amphibious, 8 rings, camouflage 1, gelatinous body 1,
(nimble swimmer 1), tentacles
a: Renounce Religion, Potion Petition, Call Merchant, Bribe Branch


You were on level 3 of the Dungeon.
You worshipped Gozag.
Gozag was aware of your devotion.
You visited 1 branch of the dungeon, and saw 3 of its levels.

You collected 236 gold pieces.
You paid 81 gold pieces to Gozag.

Inventory:

Hand Weapons
 a - a +1 rapier (weapon)
Armour
 b - a +0 kite shield (worn)
 d - a +2 hat (worn)
Jewellery
 i - a ring of poison resistance (left tentacle)
Wands
 h - a wand of mindburst (16)
Potions
 c - a potion of might
 g - 2 potions of degeneration


   Skills:
 - Level 3.0 Fighting
 - Level 2.0 Short Blades
 - Level 3.0 Dodging
 + Level 6.3 Shields


You had 4 spell levels left.
You didn't know any spells.
Your spell library was empty.

Dungeon Overview and Level Annotations

Branches:
Dungeon (3/15)

Altars:
Gozag
Kikubaaqudgha
Ru
Beogh


Innate Abilities, Weirdness & Mutations

You cannot wear most types of armour.
You are amphibious.
You can wear up to eight rings at the same time.
Your skin changes colour to match your surroundings (Stealth+).
Your rubbery body absorbs attacks. (AC +1, EV +1)
((You are camouflaged near water. (Stealth+)))
You have tentacles for arms and can constrict up to eight enemies at once.


Message History

The orc priest invokes the aid of Beogh against you.
Beogh smites you!
The orc priest shouts!
As you read the scroll of fog, it crumbles to dust.
The scroll dissolves into smoke.
The orc priest calls down the wrath of Beogh upon something.
Beogh smites you!
* * * LOW HITPOINT WARNING * * *
It was a potion of resistance.
You feel protected.
It was a potion of brilliance.
You feel clever all of a sudden.
The orc wizard gestures at you while chanting.
The puff of flame misses you.
The orc wizard casts a spell.
The orc wizard flickers and vanishes!
Deactivating autopickup; reactivate with Ctrl-A.
It was a potion of berserk rage.
A red film seems to cover your vision as you go berserk!
You feel yourself moving faster!
You feel mighty!
You puncture the orc wizard! You grab the orc wizard.
The orc wizard is almost dead.
You constrict the orc wizard.
You kill the orc wizard!
The orc priest is distracted by your dazzling golden aura.
Your Shields skill increases to level 6!
You completely miss the orc priest.
The orc priest shouts!
You grab the orc priest. You squeeze the orc priest!!
You kill the orc priest!
A magic dart appears from out of thin air!
The magic dart hits you!
* * * LOW HITPOINT WARNING * * *
The orc priest is no longer distracted by gold.
Something hits you.
* * * LOW HITPOINT WARNING * * *
The orc priest invokes the aid of Beogh against you.
Beogh smites you!
You die...
Your body crumbles into a pile of gold.

###### #....#
#....#####
#§§§§....#
#§§§§###.########
#§§### #.>#.....#
#@## ##.......##
#o{o# #...'##'.#
#§8§8.#....#..#≈≈#..
#.$o$.#......##≈≈##.
#.8.8$#[.....#≈≈≈≈#.
##._.##......#≈≈≈≈#.
#####.......##≈≈##.
#...........#≈≈#..
#..........##''##.


You could see 2 orc priests.

Vanquished Creatures
  An orc priest (D:3)
  Natasha (D:3)
  An orc wizard (D:3)
  2 adders (D:3)
  A worm (D:2)
  10 dart slugs (D:3)
  6 orcs
  2 endoplasms
  4 giant cockroaches
  9 goblins
  7 hobgoblins
  2 jackals
  A quokka (D:1)
  6 ball pythons
  3 bats
  3 frilled lizards
  8 kobolds
  9 rats
76 creatures vanquished.

Vanquished Creatures (others)
  2 plants (D:1)
2 creatures vanquished.

Grand Total: 78 creatures vanquished

Notes
Turn   | Place    | Note
-------+----------+-------------------------------------------
     0 | D:1      | zeram the Octopode Fighter began the quest for the Orb.
     0 | D:1      | Reached XP level 1. HP: 16/16 MP: 1/1
   215 | D:1      | Reached XP level 2. HP: 21/21 MP: 2/2
   366 | D:1      | Found a faded altar of an unknown god.
   952 | D:1      | Reached skill level 4 in Shields
  1056 | D:1      | Reached XP level 3. HP: 26/26 MP: 3/3
  2333 | D:3      | Reached XP level 4. HP: 31/31 MP: 4/4
  2342 | D:3      | Reached skill level 5 in Shields
  2653 | D:3      | Found an opulent altar of Gozag.
  2653 | D:3      | Found a sacrificial altar of Ru.
  2661 | D:3      | Found an ancient bone altar of Kikubaaqudgha.
  2663 | D:3      | Became a worshipper of Gozag Ym Sagoz the Greedy
  2668 | D:3      | Found a faded altar of an unknown god.
  2670 | D:3      | Found a faded altar of an unknown god.
  2733 | D:3      | Noticed Natasha
  2740 | D:3      | Reached XP level 5. HP: 36/36 MP: 5/5
  2742 | D:3      | Killed Natasha
  2915 | D:3      | Found a glowing drain.
  2952 | D:3      | Reached skill level 6 in Shields
  2952 | D:3      | HP: 2/54 [something/magic dart (9)]
  2953 | D:3      | Killed from afar by an orc priest

Illustrated notes

Levels and vault maps discovered:
D:1:      noname_arrival_rooms_in_the_neighbourhood, layout_basic,
          chequers_ecumenical_altar_lobes
D:2:      layout_loops_ring, wad_orctagon
D:3:      kennysheep_slugbush, layout_rooms,
          chequers_temple_overflow_minitemple, gup_sewer_entry_bowl,
          kennysheep_orc_chapel, uniq_natasha

Skill      XL: |  1  2  3  4  5 |
---------------+----------------+-----
Shields        | 4 5 6 |  6.3
Fighting       | |  3.0
Short Blades   | |  2.0
Dodging        | |  3.0

Action                   |  1- 3 |  4- 6 || total
-------------------------+-------+-------++-------
Melee: Rapier            |    78 |    55 ||   133
       Tentacles         |    14 |    10 ||    24
       Constrict         |    21 |    20 ||    41
  Use: Scroll            |     4 |     2 ||     6
       Potion            |       |     3 ||     3
 Stab: Sleeping          |     9 |     2 ||    11
       Distracted        |       |     1 ||     1
Armor: Skin              |     9 |     5 ||    14
Dodge: Dodged            |    31 |    15 ||    46
Block: Kite shield       |    25 |    30 ||    55
